 Dungeon Crawl Stone Soup version 0.23.2-33-g5129a83184 (webtiles) character file.

Game seed: 16588780610725846327

1744 Eitelfritz the Carver (level 8, -12/103 HPs)
             Began as a Minotaur Gladiator on July 21, 2019.
             Was a Follower of Zin.
             Mangled by Harold
             ... wielding a +0 dire flail
              (13 damage)
             ... on level 7 of the Dungeon.
             The game lasted 00:23:34 (6692 turns).

Eitelfritz the Carver (Minotaur Gladiator)          Turns: 6692, Time: 00:23:35

Health: -12/103    AC:  8    Str: 24    XL:     8   Next: 77%
Magic:  9/9        EV: 12    Int:  7    God:    Zin [*.....]
Gold:   141        SH:  0    Dex: 12    Spells: 7/7 levels left

rFire    + . .     SeeInvis .   a - +0 long sword
rCold    + . .     Gourm    .   (no shield)
rNeg     . . .     Faith    .   j - +1 scale mail {rF+}
rPois    .         Spirit   .   c - +0 hat
rElec    .         Reflect  .   g - +0 cloak
rCorr    +         Harm     .   r - +2 pair of gloves
MR       .....                  o - +2 pair of boots
Stlth    ..........             (no amulet)
HPRegen  0.27/turn              A - ring of protection from cold
MPRegen  0.11/turn              m - ring of resist corrosion

@: berserking (expiring), corroded, very quick
A: retaliatory headbutt, horns 2
a: Recite, Donate Gold, Renounce Religion


You were on level 7 of the Dungeon.
You worshipped Zin.
Zin was aware of your devotion.
You were not hungry.

You visited 2 branches of the dungeon, and saw 8 of its levels.

You collected 156 gold pieces.
You donated 15 gold pieces to Zin.

Inventory:

Hand Weapons
 a - a +0 long sword (weapon)
 b - a +0 shortbow
 E - a +2 flail of protection
Missiles
 d - 2 throwing nets
 e - 158 stones (quivered)
 t - 62 arrows
Armour
 c - a +0 hat (worn)
 g - a +0 cloak (worn)
 h - a +0 chain mail
 j - a +1 scale mail of fire resistance (worn)
 o - a +2 pair of boots (worn)
 q - a +0 leather armour
 r - a +2 pair of gloves (worn)
Jewellery
 i - an uncursed ring of ice
 m - a ring of resist corrosion (right hand)
 n - an uncursed amulet of the acrobat {unknown}
 A - a ring of protection from cold (left hand)
Wands
 p - a wand of enslavement (2)
 v - a wand of disintegration (14)
Scrolls
 x - 3 scrolls of remove curse
 y - a scroll of magic mapping
 F - a scroll of teleportation
 H - a scroll of amnesia
Potions
 k - a potion of curing
 l - a potion of resistance
 s - a potion of might {unknown}
 u - 3 potions of haste
 w - a potion of degeneration {unknown}
 B - a potion of magic {unknown}
 D - a potion of flight {unknown}
 I - a potion of ambrosia {unknown}
 J - a potion of brilliance {unknown}
Comestibles
 f - 4 rations
 G - 2 chunks of flesh


   Skills:
 + Level 5.4 Fighting
 + Level 8.9 Long Blades
 + Level 2.4 Bows
 + Level 2.1 Throwing
 + Level 5.0 Armour
 + Level 4.8 Dodging
 + Level 0.8 Stealth
 * Level 2.9 Invocations
 * Level 3.2 Evocations


You had 7 spell levels left.
You didn't know any spells.
Your spell library was empty.

Dungeon Overview and Level Annotations

Branches:
Dungeon (7/15)             Temple (1/1) D:5

Altars:
Ashenzari
Cheibriados
Elyvilon
Fedhas
Gozag
Kikubaaqudgha
Nemelex Xobeh
Okawaru
Sif Muna
Trog
Uskayaw
Vehumet
Xom
Yredelemnul
Zin

Shops:
D:6 =

Annotations:
D:7 Harold


Innate Abilities, Weirdness & Mutations

You reflexively headbutt those who attack you in melee.
You have a pair of horns on your head.


Message History

The bolt of acid hits you but does no damage.
The acid corrodes you!
You are splashed with acid.
You resist.
* * * LOW HITPOINT WARNING * * *
The centaur wields a +0 shortbow.
The centaur shoots an arrow.
The arrow hits you.
* * * LOW HITPOINT WARNING * * *
A red film seems to cover your vision as you go berserk!
You feel yourself moving faster!
You feel mighty!
The centaur shoots an arrow.
The arrow barely misses you.
Harold zaps a wand.
The bolt of acid hits you. You resist.
* * * LOW HITPOINT WARNING * * *
You are splashed with acid!
You resist.
* * * LOW HITPOINT WARNING * * *
You struggle against the net.
You feel a strong urge to attack something.
The centaur shoots an arrow.
The arrow hits you.
* * * LOW HITPOINT WARNING * * *
You rip the net and break free!
The centaur shoots an arrow.
The arrow hits you but does no damage. Harold hits you with a +0 dire flail!
You die...

#.#.# #.#.# #.#.# #.#.#
####### #.#.#######
.......#####.........#
..%.......####.#####.######
.[........(.(.......>......
.........@@###.#####.#####.
...........# #.# #.#
...........# #.# #.#
..[....#.......# #.#
.......#...)...# #.#
..$$..)#......## #.#
#...####......# #.# #...
#c.....# #.# #.. #......#
#.#


You could see Harold and a centaur.

Vanquished Creatures
  Edmund (D:5)
  Duvessa (D:5)
  A necrophage (D:7)
  2 ogres
  A centaur (D:4)
  Blork the orc (D:4)
  2 bullfrogs (D:6)
  Dowan (D:5)
  A scorpion (D:5)
  A wight (D:6)
  A howler monkey (D:4)
  3 crimson imps
  A centaur zombie (D:5)
  2 hounds
  An orc priest (D:5)
  Crazy Yiuf (D:2)
  2 bullfrog skeletons
  An iguana (D:4)
  Terence (D:2)
  3 orc wizards
  4 worker ants
  A hound skeleton (D:6)
  12 adders
  3 shadow imps
  2 oozes
  3 worms (D:2)
  A dart slug (D:1)
  2 leopard geckos
  18 orcs
  8 giant cockroaches
  7 goblins
  11 hobgoblins
  3 jackals
  A quokka (D:2)
  2 ball pythons
  11 bats
  8 frilled lizards
  11 kobolds
  13 rats
149 creatures vanquished.

Notes
Turn   | Place    | Note
-------+----------+-------------------------------------------
     0 | D:1      | Eitelfritz the Minotaur Gladiator began the quest for the
                  | Orb.
     0 | D:1      | Reached XP level 1. HP: 18/18 MP: 0/0
     6 | D:1      | Noticed a minotaur
    14 | D:1      | Noticed an ogre
    16 | D:1      | Noticed a minotaur zombie
   113 | D:1      | Reached skill level 4 in Long Blades
   113 | D:1      | Reached XP level 2. HP: 11/25 MP: 1/1
   670 | D:1      | Reached skill level 1 in Armour
   677 | D:1      | Reached XP level 3. HP: 30/30 MP: 2/2
  1147 | D:2      | Noticed Terence
  1316 | D:2      | Killed Terence
  1316 | D:2      | Reached XP level 4. HP: 25/38 MP: 3/3
  1506 | D:2      | Reached skill level 5 in Long Blades
  1818 | D:2      | Found a sparkling altar of Nemelex Xobeh.
  1884 | D:2      | Found a faded altar of an unknown god.
  1950 | D:2      | Found a runed translucent door.
  1951 | D:2      | Noticed Crazy Yiuf
  2219 | D:3      | Reached XP level 5. HP: 35/45 MP: 4/4
  2764 | D:2      | Killed Crazy Yiuf
  3034 | D:4      | Reached XP level 6. HP: 45/51 MP: 5/5
  3176 | D:4      | Reached skill level 6 in Long Blades
  3176 | D:4      | Reached skill level 1 in Evocations
  3400 | D:4      | Reached XP level 7. HP: 58/59 MP: 7/7
  3522 | D:4      | Found a bloodstained altar of Trog.
  4114 | D:5      | Entered Level 5 of the Dungeon
  4129 | D:5      | Noticed Duvessa
  4129 | D:5      | Noticed Dowan
  4294 | D:5      | Found a staircase to the Ecumenical Temple.
  4310 | D:5      | Reached skill level 7 in Long Blades
  4328 | Temple   | Entered the Ecumenical Temple
  4582 | Temple   | Became a worshipper of Zin the Law-Giver
  4582 | Temple   | Reached * piety under Zin
  4685 | D:5      | Noticed Blork the orc
  4709 | D:4      | Killed Blork the orc
  4786 | D:5      | Reached skill level 1 in Invocations
  4854 | D:4      | HP: 3/60 [poisoned by Duvessa]
  4861 | D:4      | HP: 3/60 [poisoned by Duvessa]
  4869 | D:4      | HP: 2/60 [poisoned by Duvessa]
  5232 | D:5      | Killed Duvessa
  5241 | D:5      | Killed Dowan
  5241 | D:5      | Reached skill level 8 in Long Blades
  5241 | D:5      | Reached XP level 8. HP: 45/67 MP: 8/8
  5457 | D:5      | Noticed Edmund
  5482 | D:5      | Killed Edmund
  5942 | D:6      | Reached skill level 1 in Bows
  5947 | D:6      | Found Ciemyvisch's Jewellery Shop.
  5997 | D:6      | Reached skill level 5 in Fighting
  6040 | D:6      | Identified the cursed +1 hand crossbow of Recklessness
                  | {flame, MR+}
  6072 | D:6      | Reached skill level 5 in Armour
  6670 | D:7      | Noticed Harold
  6690 | D:7      | HP: 3/103 [acid (7)]
  6691 | D:7      | HP: 1/103 [centaur/arrow (2)]
  6692 | D:7      | Mangled by Harold

Skill      XL: |  1  2  3  4  5  6  7  8 |
---------------+-------------------------+-----
Long Blades    | 4 5 6 8 |  8.9
Armour         | 1 2 3 4 5 |  5.0
Fighting       | 3 4 5 |  5.4
Dodging        | 4 |  4.8
Evocations     | 1 2 3 |  3.2
Invocations    | 1 2 |  2.9
Bows           | 2 |  2.4
Throwing       | |  2.1
Stealth        | |  0.8

Action                   |  1- 3 |  4- 6 |  7- 9 || total
-------------------------+-------+-------+-------++-------
Melee: Long sword        |   100 |   132 |   176 ||   408
       Headbutt          |    20 |    28 |    36 ||    84
 Fire: Shortbow          |       |       |    27 ||    27
Throw: Stone             |     5 |       |     1 ||     6
       Throwing net      |     1 |       |       ||     1
  Use: Scroll            |     1 |     3 |     5 ||     9
       Potion            |       |       |     2 ||     2
  Eat: Chunk             |     1 |     7 |     7 ||    15
       Ration            |       |       |     1 ||     1
Armor: Leather armour    |    16 |       |       ||    16
       Scale mail        |       |    51 |    75 ||   126
Dodge: Dodged            |    73 |    70 |    84 ||   227
       Rpst.: Long sword |    13 |    23 |    24 ||    60
